 Dungeon Crawl Stone Soup version 0.29.1-15-g9cfb28693d (webtiles) character file.

Game seed: 4000442683416931273

1204 H0rd4k the Trooper (level 8, -2/55 (57) HPs)
             Began as an Octopode Artificer on Mar 21, 2023.
             Was an Initiate of Gozag.
             Slain by a wight
             ... wielding a +2 dire flail of venom
              (3 damage)
             ... on level 5 of the Dungeon.
             The game lasted 00:06:12 (6153 turns).

H0rd4k the Trooper (Octopode Artificer)             Turns: 6153, Time: 00:06:13

HP:   -2/55 (57)    AC:  1    Str: 12    XL:     8   Next: 45%
MP:   15/15         EV: 14    Int: 15    God:    Gozag
Gold: 465           SH:  5    Dex: 18    Spells: 17/17 levels left

rFire   . . .      SeeInvis .     - Unarmed
rCold   + . .      Faith    .   (no shield)
rNeg    + . .      Spirit   .   (helmet restricted)
rPois   .          Reflect  +   e - amulet of reflection
rElec   .          Harm     .   s - ring of protection from cold
rCorr   .          Rampage  .   F - +6 ring of dexterity
Will    +....                   E - ring of positive energy
Stlth   +++.......              (no ring)
HPRegen 0.18/turn               (no ring)
MPRegen 0.14/turn               (no ring)
                                (no ring)
                                (no ring)

@: lethally poisoned (-2 -> -18), lightly drained
A: almost no armour, amphibious, 8 rings, camouflage 1, gelatinous body 1,
(nimble swimmer 1), tentacles, strong-willed 1, wild magic 1, inability to read
after injury 1
a: Renounce Religion, Potion Petition, Call Merchant, Bribe Branch


You were on level 5 of the Dungeon.
You worshipped Gozag.
Gozag was aware of your devotion.
You visited 1 branch of the dungeon, and saw 6 of its levels.
You also visited: Ossuary.

You collected 533 gold pieces.
You paid 68 gold pieces to Gozag.

Inventory:

Missiles
 o - 7 poisoned darts
Jewellery
 e - an amulet of reflection (around mantle)
 s - a ring of protection from cold (left tentacle)
 E - a ring of positive energy (on tentacle)
 F - a +6 ring of dexterity (right tentacle)
Wands
 b - a wand of flame (16) (quivered)
 c - a wand of charming (8)
 l - a wand of polymorph (4)
 x - a wand of acid (3)
Scrolls
 a - a scroll of magic mapping {unknown}
 g - 3 scrolls of blinking {unknown}
 h - a scroll of enchant weapon {unknown}
 j - 10 scrolls of identify {unknown}
 p - a scroll of fear {unknown}
 q - a scroll of butterflies {unknown}
 v - a scroll of noise {unknown}
 y - a scroll of vulnerability {unknown}
 A - a scroll of amnesia {unknown}
 B - a scroll of poison {unknown}
 C - a scroll of brand weapon {unknown}
Potions
 d - 2 potions of heal wounds {unknown}
 f - a potion of lignification {unknown}
 i - a potion of might {unknown}
 k - 3 potions of degeneration
 m - a potion of attraction {unknown}
 n - a potion of ambrosia {unknown}
 r - a potion of resistance {unknown}
 t - 3 potions of mutation
 u - 4 potions of curing
 w - a potion of invisibility {unknown}
 z - 2 potions of flight {unknown}
 D - a potion of magic {unknown}


   Skills:
 + Level 5.8 Fighting
 - Level 2.3 Dodging
 - Level 1.3 Stealth
 + Level 2.4 Shields
 - Level 4.1 Unarmed Combat
 * Level 5.3 Spellcasting
 - Level 3.2 Evocations


You had 17 spell levels left.
You didn't know any spells.
Your spell library contained the following spells:

 Spells                   Type           Power      Damage    Failure   Level
 Apportation              Tloc           10%        N/A       22%         1
 Necrotise                Necr           20%        1d5       22%         1
 Slow                     Hex            20%        N/A       22%         1
 Confusing Touch          Hex            5%         N/A       52%         3
 Vampiric Draining        Necr           5%         2d6       52%         3
 Agony                    Necr           5%         N/A       99%         5
 Alistair's Intoxication  Tmut/Pois      3%         N/A       99%         5


Dungeon Overview and Level Annotations

Branches:
Dungeon (6/15)            Ossuary (visited)
 Temple: D:4-7

Altars:
Gozag
Okawaru
Trog

Annotations:
D:1 exclusion: downstairs
D:2 exclusion: downstairs
D:3 Grinder


Innate Abilities, Weirdness & Mutations

You cannot wear most types of armour.
You are amphibious.
You can wear up to eight rings at the same time.
Your skin changes colour to match your surroundings (Stealth+).
Your rubbery body absorbs attacks. (AC +1, EV +1)
((You are camouflaged when in or above water. (Stealth+)))
You have tentacles for arms and can constrict up to eight enemies at once.
You are strong-willed. (Will+)
Your spells are a little harder to cast, but a little more powerful.
You occasionally lose the ability to read scrolls when taking damage.


Message History

There is a stone staircase leading up here.
There are monsters nearby!
The wight hits you with a +2 dire flail of venom.
You are poisoned.
You climb upwards.
You feel very sick.
There is a stone staircase leading down here.
You tentacle-slap the wight but do no damage.
You grab the wight.
You constrict the wight, but do no damage.
You feel sick.
You tentacle-slap the wight.
You squeeze the wight, but do no damage.
The wight is lightly damaged.
You constrict the wight, but do no damage.
You feel sick.
The wight hits you with a +2 dire flail of venom!
You are more poisoned.
You tentacle-slap the wight but do no damage.
You squeeze the wight, but do no damage.
The wight is lightly damaged.
You constrict the wight.
You feel very sick. The wight completely misses you.
You tentacle-slap the wight but do no damage.
The wight is moderately damaged.
You constrict the wight, but do no damage.
You feel very sick. The wight barely misses you.
You tentacle-slap the wight but do no damage.
You tentacle-slap the wight, but do no damage.
The wight is moderately damaged.
You constrict the wight.
* * * LOW HITPOINT WARNING * * *
You feel very sick.
The wight hits you with a +2 dire flail of venom!
* * * LOW HITPOINT WARNING * * *
You partially resist.
You feel drained.
You die...
Your body crumbles into a pile of gold.

#...........# #.######.####
#.# #.#### ###.######....#
#.........###.# #########.#
#.# ####### #.# #.#
#.....#####.###.###########
#._.☼.....#@...........)..##
#.....###.z......########..#
#######..##.####.#########.#
#.....<##.# #............
#......##.# ###########..
#.......### ### #......## #
#......# ########


You could see a wight.

Vanquished Creatures
  Sigmund (D:2)
  2 kobold brigands (D:5)
  A phantom (D:4)
  A necrophage (D:4)
  A water moccasin zombie (Ossuary)
  4 scorpions
  3 hounds
  Natasha (thrice) (D:2)
  An iguana (D:5)
  2 mummies (Ossuary)
  Robin (D:2)
  6 adders
  2 ufetubi
  6 adder zombies (Ossuary)
  A dart slug (D:2)
  8 orcs
  9 endoplasms
  A giant cockroach (D:1)
  4 gnoll zombies (Ossuary)
  12 goblins
  12 hobgoblins
  15 kobolds
  4 quokkas
  11 ball pythons
  3 frilled lizards (D:1)
  2 hobgoblin zombies (Ossuary)
  4 kobold zombies (Ossuary)
  2 orc zombies (Ossuary)
  7 rats
129 creatures vanquished.

Vanquished Creatures (collateral kills)
  An adder (D:3)
  A hobgoblin (D:3)
  A rat (D:3)
3 creatures vanquished.

Vanquished Creatures (others)
  A jelly (D:5)
  3 orc wizards (D:4)
4 creatures vanquished.

Grand Total: 136 creatures vanquished

Notes
Turn   | Place    | Note
-------+----------+-------------------------------------------
     0 | D:1      | H0rd4k the Octopode Artificer began the quest for the Orb.
     0 | D:1      | Reached XP level 1. HP: 13/13 MP: 1/1
   281 | D:1      | Found a faded altar of an unknown god.
   509 | D:1      | Reached XP level 2. HP: 17/18 MP: 2/2
   616 | D:1      | Reached skill level 1 in Spellcasting
  1283 | D:2      | Noticed Natasha
  1290 | D:2      | Killed Natasha
  1291 | D:2      | Reached skill level 1 in Unarmed Combat
  1291 | D:2      | Reached XP level 3. HP: 18/24 MP: 3/5
  1291 | D:2      | Noticed Natasha
  1418 | D:2      | Reached XP level 4. HP: 22/30 MP: 6/6
  1419 | D:2      | Killed Natasha
  1466 | D:2      | Noticed Robin
  1470 | D:2      | Killed Robin
  1895 | D:2      | Noticed Natasha
  1901 | D:2      | Killed Natasha
  1902 | D:2      | Reached XP level 5. HP: 30/36 MP: 8/8
  2278 | D:2      | Noticed Sigmund
  2282 | D:2      | Killed Sigmund
  2283 | D:2      | Reached XP level 6. HP: 42/42 MP: 8/10
  2401 | D:3      | Noticed Grinder
  2826 | D:3      | Paralysed by Grinder for 4 turns
  3530 | D:4      | Reached XP level 7. HP: 37/47 MP: 10/12
  3921 | D:4      | Gained mutation: You occasionally lose the ability to read
                  | scrolls when taking damage. [potion of mutation]
  3921 | D:4      | Gained mutation: You are strong-willed. (Will+) [potion of
                  | mutation]
  3921 | D:4      | Gained mutation: Your spells are a little harder to cast,
                  | but a little more powerful. [potion of mutation]
  3923 | D:4      | HP: 2/48 [something/puff of flame (8)]
  4581 | D:5      | Entered Level 5 of the Dungeon
  4581 | D:5      | Found an opulent altar of Gozag.
  4588 | D:5      | Became a worshipper of Gozag Ym Sagoz the Greedy
  4596 | D:5      | Reached skill level 1 in Shields
  4603 | D:5      | Found a sand-covered staircase.
  4619 | Ossuary  | Entered an ossuary
  5142 | D:5      | Reached XP level 8. HP: 54/54 MP: 13/15
  5155 | D:5      | Reached skill level 5 in Fighting
  5465 | D:5      | Found an iron altar of Okawaru.
  5635 | D:5      | Reached skill level 5 in Spellcasting
  6034 | D:5      | Found a bloodstained altar of Trog.
  6153 | D:5      | HP: 1/57 [wight/+2 dire flail of venom (16)]
  6153 | D:5      | Slain by a wight

Illustrated notes

Levels and vault maps discovered:
D:1:      amcnicky_arrival_double_pillar, layout_loops_ring,
          ebering_ecumenical_altar_sacrificial
D:2:      layout_rooms, uniq_robin, uniq_sigmund, uniq_natasha
D:3:      layout_basic, uniq_grinder
D:4:      layout_basic
D:5:      cheibrodos_thug_alley, layout_basic, okawaru_metal_pillars_1_2,
          trog_book, general_overflow_altar, nicolae_ossuary_entry_ruins
D:6:      layout_loops_ring, lemuel_zombie_altar_yredelemnul,
          minmay_temple_entry_grid

Skill      XL: |  1  2  3  4  5  6  7  8 |
---------------+-------------------------+-----
Spellcasting   | 1 2 3 4 5 |  5.3
Fighting       | 2 3 4 5 |  5.8
Unarmed Combat | 1 2 3 4 |  4.1
Shields        | 1 2 |  2.4
Dodging        | |  2.3
Stealth        | |  1.3
Evocations     | |  3.2

Action                   |  1- 3 |  4- 6 |  7- 9 || total
-------------------------+-------+-------+-------++-------
Melee: Unarmed           |    58 |    85 |   202 ||   345
       Constrict         |    15 |    19 |    50 ||    84
       Tentacles         |    13 |    19 |    59 ||    91
       Punch             |     1 |     4 |     5 ||    10
Evoke: Wand              |     1 |    19 |     8 ||    28
  Use: Potion            |       |       |     4 ||     4
 Stab: Sleeping          |     9 |     6 |    10 ||    25
       Distracted        |       |     1 |     1 ||     2
Armor: Skin              |     3 |     8 |    10 ||    21
Dodge: Dodged            |    27 |    57 |    84 ||   168
Block: Other             |       |     1 |    30 ||    31
